 Dungeon Crawl Stone Soup version bcrawl-1.19.1 (webtiles) character file.

Game seed: 12521009047798516892

63 mahrnol the Cudgeler (level 3, -1/24 HPs)
             Began as a Skeleton Reaver on Nov 28, 2019.
             Was a Follower of Vehumet.
             Slain by a leopard gecko (2 damage)
             ... on level 2 of the Dungeon.
             The game lasted 00:06:41 (2037 turns).

mahrnol the Cudgeler (Skeleton Reaver)              Turns: 2037, Time: 00:06:41

Health: -1/24      AC:  6    Str: 16 (17) XL:     3   Next: 89%
Magic:  0/8        EV: 12    Int: 12 (13) God:    Vehumet [*.....]
Gold:   119        SH:  0    Dex:  6 (7)  Spells: 8/9 levels left

rFire    . . .     SeeInvis .   n - +0 dagger (elec)
rCold    + . .     Gourm    .   (no shield)
rNeg     + + +     Faith    .   b - +0 steam dragon scales
rPois    ∞         Spirit   +   (no helmet)
rElec    .         Reflect  .   m - +0 cloak
rCorr    .         Harm     .   (no gloves)
MR       .....                  (no boots)
Stlth    +.........             (no amulet)
HPRegen  0.08/turn              (no ring)
MPRegen  0.11/turn              (no ring)

@: no status effects
A: no food or potions, cold resistance 1, deterioration 1, negative energy
resistance 3, torment resistance, unbreathing, magic shield, sturdy frame 1,
spell healing
a: Renounce Religion


You were on level 2 of the Dungeon.
You worshipped Vehumet.
Vehumet was aware of your devotion.
You were not hungry.

You visited 1 branch of the dungeon, and saw 3 of its levels.

You collected 119 gold pieces.

Inventory:

Hand Weapons
 a - a +0 flail
 n - a +0 dagger of electrocution (weapon)
Missiles
 g - 264 sling bullets
 k - 160 arrows
 p - 66 bolts
 q - 357 stones (quivered)
Armour
 b - +0 steam dragon scales (worn)
 m - a +0 cloak (worn)
 o - a +0 cloak
Scrolls
 c - a scroll of immolation
 d - 2 scrolls of identify {unknown}
 e - a scroll of teleportation {unknown}
 f - 2 scrolls of enchant weapon {unknown}
 h - 2 scrolls of fog {unknown}
 i - a scroll of enchant armour {unknown}
 j - a scroll of blinking {unknown}
 l - a scroll of noise {unknown}


   Skills:
 + Level 3.7 Fighting
 + Level 0.6 Short Blades
 + Level 4.7 Maces & Flails
 - Level 3.0 Dodging
 + Level 3.5 Spellcasting


You had 8 spell levels left.
You knew the following spells:

 Your Spells              Type           Power        Failure   Level  Hunger
a - Sandblast             Erth           #.....       7%          1    N/A

Your spell library contained the following spells:

 Spells                   Type           Power        Failure   Level  Hunger
 Iskenderun's Battlesphe  Conj/Chrm      #.......     82%         5    N/A

Dungeon Overview and Level Annotations

Branches:
Dungeon (3/12)

Altars:


Innate Abilities, Weirdness & Mutations

You do not eat or drink.
You are immune to poison.
Your flesh is cold resistant. (rC+)
Your body sometimes deteriorates upon taking damage.
You are immune to negative energy. (rN+++)
You are immune to unholy pain and torment.
You can survive without breathing.
When hurt, damage is shared between your health and your magic reserves.
Your movements are slightly less encumbered by armour. (ER -2)
Casting spells heals you.


Message History

An orc comes into view. It is wielding a +0 dagger.
Found a stone staircase leading up.
A leopard gecko comes into view.
The dart slug launches a dart at you. The slug dart misses you.
The slug dart hits the kobold.
The kobold dies!
The leopard gecko hisses angrily.
The dart slug bites you but does no damage.
The leopard gecko completely misses you.
The adder closely misses you. The leopard gecko barely misses you.
There is a stone staircase leading up here.
The leopard gecko bites you.
* * * LOW HITPOINT WARNING * * *
The adder bites you but does no damage. The leopard gecko bites you.
* * * LOW HITPOINT WARNING * * *
You climb upwards.
There is a stone staircase leading down here.
The adder bites you but does no damage. The leopard gecko bites you.
You die...

#.#######.# #.#######.#
#.......#.# #######.#.# #.#.#
#)#.# #.#.# #.#S#################
#############.#>@................
#..............l.................
#!###########.##.####...#########
#.# #.##........# #.#
#.##........# #.# #.##......###
#.# #.##.###### #.# ####.##.# #
#.# #.......# ##


You could see an adder and a leopard gecko.

Vanquished Creatures
  2 adders
  An ooze (D:2)
  A worm (D:2)
  2 dart slugs
  A leopard gecko (D:1)
  3 orcs (D:2)
  2 bats (D:1)
  5 goblins
  2 hobgoblins
  3 kobolds
  A quokka (D:2)
  2 ball pythons (D:2)
  A frilled lizard (D:2)
  6 rats
32 creatures vanquished.

Vanquished Creatures (others)
  A kobold (D:3)
1 creature vanquished.

Grand Total: 33 creatures vanquished

Notes
Turn   | Place    | Note
-------+----------+-------------------------------------------
     0 | D:1      | mahrnol the Skeleton Reaver began the quest for the Orb.
     0 | D:1      | Reached XP level 1. HP: 14/14 MP: 4/4
   139 | D:1      | Reached skill level 4 in Maces & Flails
   139 | D:1      | Reached XP level 2. HP: 17/19 MP: 4/6
  1070 | D:2      | Reached XP level 3. HP: 17/23 MP: 5/7
  1638 | D:2      | Reached * piety under Vehumet
  1638 | D:2      | Offered knowledge of Sandblast by Vehumet.
  1641 | D:2      | Learned a level 1 spell: Sandblast
  1874 | D:3      | Noticed an ogre
  2035 | D:3      | HP: 1/24 [leopard gecko (1)]
  2037 | D:2      | Slain by a leopard gecko

Skill      XL: |  1 |
---------------+----+-----
Maces & Flails | 4 |  4.7
Fighting       | |  3.7
Short Blades   | |  0.6
Dodging        | |  3.0
Spellcasting   | |  3.5

Action                   || total
-------------------------++-------
Melee: Flail             ||    80
       Dagger            ||    47
 Cast: Sandblast         ||     3
Armor: Steam dragon scal ||    58
Dodge: Dodged            ||    89
